 Dungeon Crawl Stone Soup version 0.30-a0-424-g7412bad402 (webtiles) character file.

Game seed: 5111698202716823573

23 vineage the Trooper (level 2, 0/33 HPs)
             Began as an Ogre Fighter on Dec 9, 2022.
             Slain by Terence
             ... wielding a +0 flail
              (9 damage)
             ... on level 2 of the Dungeon.
             The game lasted 00:01:12 (1381 turns).

vineage the Trooper (Ogre Fighter)                  Turns: 1381, Time: 00:01:13

Health: 0/33       AC:  3    Str: 19    XL:     2   Next: 95%
Magic:  2/2        EV:  8    Int:  9    God:
Gold:   27         SH:  7    Dex:  8    Spells: 1/1 levels left

rFire   . . .      SeeInvis .    a - +0 flail
rCold   . . .      Faith    .    c - +0 kite shield
rNeg    . . .      Spirit   .    b - +0 robe
rPois   .          Reflect  .    (helmet restricted)
rElec   .          Harm     .    (no cloak)
rCorr   .          Rampage  .    (gloves unavailable)
Will    .....                    (boots unavailable)
Stlth   +.........               (no amulet)
HPRegen 0.25/turn                (no ring)
MPRegen 0.08/turn                (no ring)

@: no status effects
A: large, unfitting armour, tough skin 1
a: no special abilities


You were on level 2 of the Dungeon.
You visited 1 branch of the dungeon, and saw 2 of its levels.

You collected 27 gold pieces.

Inventory:

Hand Weapons
 a - a +0 flail (weapon)
Missiles
 g - 2 throwing nets (quivered)
Armour
 b - a +0 robe (worn)
 c - a +0 kite shield (worn)
Jewellery
 h - a ring of see invisible
Scrolls
 f - 3 scrolls of teleportation {unknown}
 i - a scroll of fog {unknown}
 j - a scroll of identify {unknown}
 k - a scroll of enchant weapon {unknown}
 m - a scroll of noise {unknown}
Potions
 d - a potion of might
 e - a potion of curing {unknown}
 l - a potion of degeneration {unknown}


   Skills:
 + Level 4.3 Fighting
 * Level 2.4 Maces & Flails
 + Level 3.0 Dodging
 - Level 3.0 Shields


You had one spell level left.
You didn't know any spells.
Your spell library was empty.

Dungeon Overview and Level Annotations

Branches:
Dungeon (2/15)

Altars:

Annotations:
D:2 Terence


Innate Abilities, Weirdness & Mutations

You are too large for most types of armour.
You have tough skin. (AC +1)


Message History

Your Dodging skill increases to level 3!
No target in view!
No target in view!
No target in view!
No target in view!
No target in view!
No target in view!
No target in view!
Terence the Incautious comes into view.
He is wielding a +0 flail.
Terence shouts!
Terence moves out of view.
Terence is nearby!
Terence screams, "I want your blood!" You block Terence's attack.
You closely miss Terence. Terence barely misses you.
You sock Terence!
Terence is severely wounded.
Terence hits you with a +0 flail. x2
You barely miss Terence.
Terence is severely wounded.
Terence hits you with a +0 flail.
You sock Terence!
Terence is almost dead.
Terence hits you with a +0 flail!
* * * LOW HITPOINT WARNING * * *
Terence says, "Did you write a will?
You should..."
Terence barely misses you.
You are too injured to fight recklessly!
You are too injured to fight recklessly!
You are too injured to fight recklessly!
You are too injured to fight recklessly!
You are too injured to fight recklessly!
You are too injured to fight recklessly!
You are too injured to fight recklessly!
You are too injured to fight recklessly!
You are too injured to fight recklessly!
You completely miss Terence.
Terence is almost dead.
Terence hits you with a +0 flail!
You die...

## ##### ##...
...## #... ...
#..#####@#
#.....##@####...
#...#.........#
##...####.####.#
########.........#
.)..........######
########...##
###### ##.########
.....# #........#
####.# ########.#


You could see Terence.

Vanquished Creatures
  An orc (D:2)
  2 ball pythons (D:1)
  3 endoplasms
  4 hobgoblins
  3 kobolds
  A quokka (D:1)
  A bat (D:1)
  A frilled lizard (D:1)
  4 rats (D:1)
20 creatures vanquished.

Notes
Turn   | Place    | Note
-------+----------+-------------------------------------------
     0 | D:1      | vineage the Ogre Fighter began the quest for the Orb.
     0 | D:1      | Reached XP level 1. HP: 24/24 MP: 1/1
     2 | D:1      | Noticed a gargoyle
     4 | D:1      | Noticed an elf
     6 | D:1      | Noticed a draconian
     8 | D:1      | Noticed a merfolk
     8 | D:1      | Noticed a felid
    10 | D:1      | Noticed a ghoul
    10 | D:1      | Noticed a vampire
    12 | D:1      | Noticed a tengu
    14 | D:1      | Noticed a troll
    14 | D:1      | Noticed a human
    16 | D:1      | Noticed a spriggan
    16 | D:1      | Noticed an ogre
    18 | D:1      | Noticed a meteoran
    18 | D:1      | Noticed a vine stalker
    20 | D:1      | Noticed a minotaur
    20 | D:1      | Noticed a naga
    22 | D:1      | Noticed a demonspawn
    22 | D:1      | Noticed an armataur
    24 | D:1      | Noticed an octopode
    24 | D:1      | Noticed a demigod
    26 | D:1      | Noticed a demigod
    26 | D:1      | Noticed a formicid
    28 | D:1      | Noticed an octopode
    28 | D:1      | Noticed a meteoran
   282 | D:1      | Reached XP level 2. HP: 19/32 MP: 2/2
  1374 | D:2      | Noticed Terence
  1381 | D:2      | Slain by Terence

Illustrated notes

Levels and vault maps discovered:
D:1:      kb_arrival_jail, layout_basic
D:2:      layout_loops_ring, minmay_rat_gold_closets, uniq_terence

Skill      XL: |  1  2 |
---------------+-------+-----
Maces & Flails | 2 |  2.4
Dodging        | 3 |  3.0
Fighting       | |  4.3
Shields        | |  3.0

Action                   || total
-------------------------++-------
Melee: Flail             ||    82
Armor: Robe              ||    22
Dodge: Dodged            ||    31
Block: Kite shield       ||    30

Table legend: (Time is in decaauts)
 A = Elapsed time spent in this place.
 B = Non-inter-level travel time spent in this place.
 C = Inter-level travel time spent in this place.
 D = Time resting spent in this place.
 E = Time spent auto-exploring this place.
 F = Levels seen in this place.
 G = Mean time per level.
                   A        B        C        D        E       F      G
               +--------+--------+--------+--------+--------+-----+--------+
         Total |   1415 |   1380 |     35 |      0 |   1189 |   2 |  707.5 |
       Dungeon |   1415 |   1380 |     35 |      0 |   1189 |   2 |  707.5 |
               +--------+--------+--------+--------+--------+-----+--------+

Top non-repeatable levels by time:
     D:1: 1303 daAuts
     D:2: 111 daAuts
